Map: Honorgrounds LE

Players

SpeCial - Winner!

  • Race: Terran Terran
  • Spawn Location: 1:00

iAsonu

  • Race: Zerg Zerg
  • Spawn Location: 5:00

Event: WCS Austin 2017

VOD

Have the link to the VOD?

Description

Time

  • Played on: April 29, 2017, 12:57 p.m.
  • Length: 9:27

All games in this series

Show
View Real Time Build Order
Export as new Build Order

SpeCial Terran - Winner!

Build Orders: MMM Bio 

Get SALT Encoding   

  12  0:00  SCV  
  13  0:12  SCV  
  14  0:18  Supply Depot  
  14  0:24  SCV  
  15  0:29  Refinery  
  15  0:39  SCV  
  16  0:46  Barracks  
  16  0:51  SCV  
  17  1:03  SCV  
  18  1:15  SCV  
  20  1:34  Reaper, Orbital Command  
  20  1:43  Command Center  
  20  1:55  Factory  
  20  1:59  SCV  
  21  2:07  Barracks Reactor  
  21  2:09  Supply Depot  
  21  2:12  SCV  
  22  2:18  Refinery  
  22  2:24  SCV  
  23  2:37  SCV  
  24  2:44  Starport  
  24  2:49  SCV  
  25  2:51  Hellion  
  25  2:52  Hellion, Marine  
  25  2:57  Orbital Command  
  30  3:01  SCV  
  31  3:13  SCV  
  31  3:16  Widow Mine x2  
  31  3:18  Barracks Tech Lab  
  36  3:21  Medivac  
  36  3:25  SCV x2  
  40  3:37  SCV x2  
  40  3:38  Supply Depot  
  42  3:45  Hellion  
  42  3:46  Hellion  
  46  3:59  Supply Depot  
  46  4:00  SCV x2  
  46  4:01  Raven  
  50  4:12  SCV x2  
  52  4:19  Marine x2  
  52  4:24  Command Center  
  54  4:25  SCV x2  
  56  4:37  Marine x2  
  56  4:38  SCV x2  
  56  4:40  Factory Tech Lab  
  56  4:44  Raven  
  60  4:50  Supply Depot, SCV x2  
  62  5:04  SCV x2  
  62  5:10  Barracks  
  62  5:12  Marine  
  62  5:13  Barracks, Stimpack  
  63  5:17  Factory Reactor  
  63  5:18  SCV x2  
  63  5:20  Supply Depot  
  65  5:26  Refinery, Engineering Bay  
  65  5:27  Refinery, Engineering Bay  
  65  5:30  Marine  
  65  5:38  Orbital Command  
  65  5:39  Starport Reactor  
  65  5:40  SCV x2  
  67  5:48  Marine  
  68  5:53  Barracks  
  68  5:54  Barracks  
  68  6:01  SCV x2  
  68  6:02  Orbital Command  
  71  6:06  Marine  
  65  6:16  SCV x2  
  67  6:18  Marine x3  
  67  6:19  Siege Tank, Marine  
  67  6:23  Medivac x2  
  67  6:24  Marine  
  79  6:28  SCV x2  
  81  6:33  SCV  
  81  6:36  Marine x4  
  81  6:39  Supply Depot, Terran Infantry Armor Level 1, Terran Infantry Weapons Level 1  
  86  6:40  SCV x2  
  86  6:41  Marine  
  86  6:42  Barracks Reactor x2  
  86  6:45  SCV  
  90  6:52  SCV x2  
  90  6:54  Marine  
  92  6:57  Supply Depot  
  92  6:58  Supply Depot x2  
  92  7:00  Siege Tank, Medivac, Marine x2, SCV  
  101  7:01  Supply Depot  
  101  7:05  Marine x2  
  101  7:14  Combat Shields  
  101  7:18  Marine x3  
  101  7:19  SCV x3  
  101  7:20  Supply Depot  
  101  7:22  Supply Depot  
  107  7:23  Marine  
  108  7:30  Marine x4  
  108  7:31  SCV x2  
  108  7:32  Siege Tank, Marine  
  108  7:36  Marine x2  
  122  7:37  Marauder  
  122  7:40  Marine  
  120  7:45  SCV x3  
  120  7:48  Supply Depot, Refinery, Marine x3  
  121  7:53  Marine x2  
  121  7:54  Medivac x2  
  121  7:57  Marine  
  118  7:58  Marauder  
  118  7:59  Marine  
  118  8:05  Siege Tank  
  111  8:08  Marine  
  101  8:13  Marine x4  
  101  8:18  Marine x3  
  108  8:20  Marauder  
  108  8:26  Marine, Armory  
  104  8:31  Marine x4  
  108  8:36  Marine x3  
  108  8:39  Siege Tank  
  108  8:41  Marauder, Orbital Command  
  111  8:44  Marine  
  104  8:48  Orbital Command  
  104  8:49  Marine x4  
  104  8:54  Marine x3  
  111  9:02  Marine x2  
  108  9:05  SCV x2  
  108  9:07  Marine x4  
Show
View Real Time Build Order
Export as new Build Order

iAsonu Zerg 

Build Orders: Hatch First 

Get SALT Encoding   

  12  0:01  Drone  
  13  0:13  Overlord  
  13  0:18  Drone  
  14  0:32  Drone x2  
  14  0:35  Drone  
  17  0:53  Hatchery  
  17  0:55  Drone  
  17  0:58  Drone  
  18  1:09  Extractor  
  17  1:14  Spawning Pool  
  17  1:17  Drone  
  17  1:20  Drone  
  18  1:29  Drone  
  19  1:41  Overlord  
  19  1:50  Drone  
  20  2:01  Queen  
  20  2:02  Zergling x2  
  20  2:04  Queen  
  20  2:05  Zergling x2  
  26  2:10  Metabolic Boost  
  26  2:12  Drone  
  27  2:15  Drone  
  27  2:22  Drone  
  29  2:33  Hatchery  
  29  2:36  Drone  
  29  2:44  Drone x2  
  31  2:47  Queen  
  33  2:52  Drone  
  33  2:56  Overlord  
  34  2:59  Drone  
  34  3:04  Drone  
  36  3:16  Drone x2  
  36  3:19  Drone x2  
  39  3:22  Drone x2  
  39  3:23  Zergling x4  
  43  3:35  Overlord  
  43  3:38  Roach Warren  
  43  3:39  Drone  
  43  3:40  Extractor x2  
  43  3:41  Drone x2  
  43  3:49  Drone  
  43  3:53  Drone x3  
  43  3:54  Drone  
  48  4:00  Drone  
  49  4:06  Zergling x2  
  49  4:07  Zergling x8  
  54  4:13  Drone, Overlord  
  54  4:15  Spore Crawler  
  54  4:16  Spore Crawler  
  53  4:22  Spore Crawler  
  51  4:25  Drone  
  51  4:26  Drone x2  
  49  4:38  Drone x3  
  50  4:48  Drone x2  
  50  4:51  Lair  
  52  4:53  Drone  
  52  4:54  Drone  
  52  4:55  Drone x3  
  52  4:56  Drone  
  52  4:58  Drone x2  
  60  5:00  Drone  
  60  5:01  Drone  
  60  5:03  Drone  
  60  5:05  Drone  
  64  5:07  Drone  
  64  5:11  Drone x2  
  64  5:13  Drone  
  66  5:17  Overlord  
  66  5:21  Overlord  
  66  5:29  Overlord  
  66  5:34  Evolution Chamber  
  66  5:35  Evolution Chamber  
  64  5:42  Roach x8, Extractor x2  
  81  5:48  Roach x4  
  88  5:54  Roach  
  86  6:07  Roach  
  86  6:08  Roach x2  
  89  6:11  Glial Reconstitution  
  88  6:19  Roach  
  88  6:20  Roach  
  88  6:24  Overlord  
  90  6:29  Overlord  
  90  6:36  Overlord  
  90  6:37  Roach  
  90  6:39  Overlord  
  90  6:40  Overseer  
  90  6:41  Overlord  
  90  6:42  Overlord  
  90  6:43  Roach x4  
  98  6:49  Roach x3  
  103  6:55  Roach x2  
  103  7:00  Roach x2  
  111  7:07  Roach x3  
  114  7:09  Ravager x2  
  114  7:10  Ravager x3  
  114  7:14  Overlord  
  119  7:18  Overlord  
  119  7:20  Overseer  
  119  7:24  Drone, Roach  
  122  7:33  Roach x4  
  129  7:45  Ravager  
  129  7:50  Roach x2  
  129  7:51  Roach  
  127  8:02  Roach x3  
  117  8:10  Roach, Zergling x2  
  117  8:11  Zergling x8  
  108  8:15  Ravager, Roach  
  108  8:17  Zergling x4  
  113  8:26  Roach x3  
  110  8:40  Roach  
  110  8:41  Roach x2  
  105  8:48  Roach  
  105  8:49  Roach x2  
  109  9:00  Roach x3  
  101  9:05  Ravager  
  101  9:08  Zergling x6  
  101  9:09  Zergling x6  
Tags
 
Add a new tag
Caveats
  • Supply blocks, unpowered buildings, or Contaminate may cause inaccurate times.
  • Supply counts are checked every 10 seconds.